 Dungeon Crawl Stone Soup version 0.19-a0-1193-g2641e52 (webtiles) character file.

2020 Ijustatesigmund the Chopper (level 9, 55/72 HPs)
             Began as a Demonspawn Berserker on Aug 18, 2016.
             Was an Elder of Trog.
             Quit the game on level 7 of the Dungeon on Aug 19, 2016.
             The game lasted 00:11:26 (5608 turns).

Ijustatesigmund the Chopper (Demonspawn Berserker)  Turns: 5608, Time: 00:11:27

Health: 55/72      AC: 11    Str: 17    XL:     9   Next: 3%
Magic:  9/9        EV: 11    Int:  8    God:    Trog [****..]
Gold:   244        SH:  5    Dex: 17    Spells: 0 memorised, 8 levels left

rFire  . . .     SeeInvis .     p - +0 hand axe (elec)
rCold  . . .     Gourm    .     h - +1 swamp dragon armour
rNeg   . . .     Faith    +     s - +0 buckler
rPois  +         Spirit   .     f - +0 helmet
rElec  .         Dismiss  .     (no cloak)
rCorr  .         Reflect  .     g - +0 pair of gloves
MR     .....     Harm     .     (no boots)
Stlth  +.........               x - amulet of faith
                                (no ring)
                                (no ring)

@: no status effects
A: hooves 1, powered by pain 2, rot immunity
a: Berserk, Trog's Hand, Brothers in Arms, Burn Spellbooks, Renounce Religion


You were on level 7 of the Dungeon.
You worshipped Trog.
Trog was greatly pleased with you.
You were not hungry.

You visited 1 branch of the dungeon, and saw 7 of its levels.

You collected 244 gold pieces.

Inventory:

Hand Weapons
 a - a +1 hand axe
 p - a +0 hand axe of electrocution (weapon)
 t - the +6 hand crossbow "Jellybane" {velocity, rC- rN+ Str+5}
   (You acquired it on level 6 of the Dungeon)

   Any bolt fired from it inflicts extra damage.
   It affects your strength (+5).
   It makes you vulnerable to cold.
   It protects you from negative energy.
Missiles
 B - 15 bolts
Armour
 f - a +0 helmet (worn)
 g - a +0 pair of gloves (worn)
 h - a +1 swamp dragon armour (worn)
 s - a +0 buckler (worn)
Jewellery
 u - an uncursed ring of ice
 x - an amulet of faith (around neck)
Scrolls
 r - a scroll of enchant weapon
 v - 2 scrolls of teleportation
 w - a scroll of immolation
 y - 2 scrolls of remove curse
 D - a scroll of magic mapping
 E - a scroll of identify
Potions
 b - a potion of brilliance
 d - 6 potions of curing
 e - 3 potions of lignification
 k - a potion of berserk rage {unknown}
 l - 2 potions of cancellation {unknown}
 m - a potion of haste {unknown}
 o - 2 potions of might {unknown}
 q - a potion of heal wounds
 z - a potion of resistance {unknown}
Comestibles
 c - 6 bread rations
 i - a meat ration
 j - a beef jerky
 n - a slice of pizza
 A - 3 fruits


   Skills:
 + Level 7.1 Fighting
 + Level 7.6 Axes
 + Level 4.4 Armour
 - Level 1.7 Dodging
 - Level 3.6 Shields


You had 8 spell levels left.
You didn't know any spells.

Dungeon Overview and Level Annotations

Branches:
Dungeon (7/15)             Temple (0/1) D:5

Altars:
Elyvilon
Makhleb
Okawaru
Ru


Innate Abilities, Weirdness & Mutations

You have large cloven feet.
You sometimes gain power by taking damage.
You are immune to rotting.


Message History

You barely miss the hippogriff.
The hippogriff is lightly wounded.
The hippogriff bites you but does no damage.
The hippogriff pecks you. The hippogriff closely misses you.
You hit the hippogriff.
The hippogriff is lightly wounded.
The hippogriff closely misses you. The hippogriff pecks you.
The hippogriff claws you but does no damage.
You hit the hippogriff.
There is a sudden explosion of sparks!
The hippogriff is severely wounded.
The hippogriff bites you. You block the hippogriff's attack. x2
You hit the hippogriff.
There is a sudden explosion of sparks!
You kill the hippogriff!
Trog accepts your kill.
You have reached level 9!
Your experience leads to an increase in your attributes!
Increase (S)trength, (I)ntelligence, or (D)exterity?
You feel agile.
Your demonic ancestry asserts itself...
Your feet thicken and deform.
Are you sure you want to abandon this character and quit the game? (Confirm with "yes".)

## .. #) # #.
.##≈##†#######
.#≈≈≈#.@.....#
.##≈##.......#
#....†..#[#
#...<.....#
#....†..###
#.......#
#.......#
####.#### #.#


There were no monsters in sight!

Vanquished Creatures
  Sigmund (D:3)
  Eustachio (D:5)
  A hippogriff (D:7)
  Edmund (D:5)
  6 ogres
  3 giant frogs
  A jelly (D:6)
  3 crimson imps
  An orc priest (D:4)
  2 hounds
  An orc wizard (D:4)
  A giant frog skeleton (D:5)
  Terence (D:2)
  4 worker ants
  Natasha (thrice) (D:2)
  A worker ant zombie (D:6)
  7 gnolls
  8 adders
  A shadow imp (D:5)
  An ooze (D:4)
  2 dart slugs
  6 worms
  7 giant geckos
  12 orcs
  6 giant cockroaches
  9 goblins
  11 hobgoblins
  9 jackals
  9 kobolds
  2 quokkas
  3 ball pythons
  3 bats
  8 giant newts
  A jackal skeleton (D:6)
  A quokka skeleton (D:4)
  8 rats
145 creatures vanquished.

Notes
Turn   | Place    | Note
-------+----------+-------------------------------------------
     0 | D:1      | Ijustatesigmund the Demonspawn Berserker began the quest for the Orb.
     0 | D:1      | Reached XP level 1. HP: 18/18 MP: 1/1
   347 | D:1      | Gained mutation: You are immune to rotting. [demonic ancestry]
   347 | D:1      | Reached XP level 2. HP: 21/24 MP: 2/2
   509 | D:1      | Reached ** piety under Trog
   612 | D:1      | Reached XP level 3. HP: 29/29 MP: 3/3
   762 | D:2      | Noticed Terence
   772 | D:2      | Killed Terence
   931 | D:2      | Gained mutation: You sometimes gain a little power by taking damage. [demonic ancestry]
   931 | D:2      | Reached XP level 4. HP: 29/37 MP: 4/4
  1043 | D:2      | Noticed Natasha
  1059 | D:2      | Killed Natasha
  1327 | D:2      | Noticed Natasha
  1339 | D:2      | Killed Natasha
  1761 | D:2      | Reached XP level 5. HP: 42/42 MP: 5/5
  1917 | D:2      | Noticed Natasha
  1933 | D:2      | Killed Natasha
  2147 | D:4      | Reached skill level 5 in Axes
  2403 | D:3      | Gained mutation: You sometimes gain power by taking damage. [demonic ancestry]
  2403 | D:3      | Reached XP level 6. HP: 40/49 MP: 6/6
  2477 | D:3      | Noticed Sigmund
  2484 | D:3      | Killed Sigmund
  2504 | D:3      | Reached skill level 5 in Fighting
  2823 | D:3      | Reached *** piety under Trog
  3238 | D:4      | Reached XP level 7. HP: 56/56 MP: 7/7
  3242 | D:4      | Reached skill level 1 in Shields
  3862 | D:4      | Reached **** piety under Trog
  3868 | D:5      | Entered Level 5 of the Dungeon
  3876 | D:5      | Noticed Eustachio
  3891 | D:5      | Killed Eustachio
  3898 | D:5      | Reached XP level 8. HP: 29/63 MP: 8/8
  4244 | D:5      | Found a staircase to the Ecumenical Temple.
  4378 | D:5      | Noticed Edmund
  4390 | D:5      | Killed Edmund
  4446 | D:5      | Found a sacrificial altar of Ru.
  4467 | D:5      | Found a white marble altar of Elyvilon.
  4471 | D:5      | Found an iron altar of Okawaru.
  4472 | D:5      | Found a burning altar of Makhleb.
  4934 | D:6      | Upgraded the game from 0.19-a0-1185-gacb3972 to 0.19-a0-1193-g2641e52
  5067 | D:6      | Identified a scroll of acquirement
  5070 | D:6      | Got a faintly glowing hand crossbow
  5071 | D:6      | Identified the +6 hand crossbow "Jellybane" {velocity, rC- rN+ Str+5} (You acquired it on level 6 of the Dungeon)
  5607 | D:7      | Gained mutation: You have large cloven feet. [demonic ancestry]
  5607 | D:7      | Reached XP level 9. HP: 55/72 MP: 9/9
  5608 | D:7      | Quit the game

Vault maps used:
D:1:      grunt_arrival_crossed_arrows, minmay_tetromino_o4
D:2:      nrook_mini_vaults, minivault_14, uniq_terence, uniq_natasha
D:3:      first_bread, uniq_sigmund
D:5:      minitemple, uniq_eustachio, uniq_edmund
D:6:      kennysheep_generic_room_4
D:7:      serial_aquarium, aquarium_bridge_square, aquarium_window_1,
          aquarium_window_2, aquarium_window_1, aquarium_window_double,
          aquarium_view_2f, aquarium_view_2c, aquarium_balcony_5b

Skill      XL: |  1  2  3  4  5  6  7  8 |
---------------+-------------------------+-----
Axes           | 3 4 5 6 7 |  7.6
Fighting       | 4 5 7 |  7.1
Shields        | 3 |  3.6
Armour         | 2 4 |  4.4
Dodging        | |  1.7

Action                   |  1- 3 |  4- 6 |  7- 9 || total
-------------------------+-------+-------+-------++-------
Melee: Hand axe          |    88 |   221 |   198 ||   507
 Fire: Hand crossbow     |       |       |     2 ||     2
Invok: Berserk           |     2 |     1 |     1 ||     4
       Burn Spellbooks   |       |       |     1 ||     1
  Use: Scroll            |     6 |     3 |     7 ||    16
  Eat: Chunk             |     1 |     7 |     8 ||    16
       Royal jelly       |     1 |       |     1 ||     2
Armor: Animal skin       |     4 |       |       ||     4
       Swamp dragon armo |    43 |    88 |    69 ||   200
Dodge: Dodged            |    68 |    96 |    75 ||   239
Block: Buckler           |       |       |    46 ||    46
